PCL
VANCOUVER VIPERS @ DISTRICT 9 PRAWNS
06/25/2023
 
TOP OF THE 1ST
Vancouver Vipers batting - Pitching for District 9 Prawns : LHP David Jackson
Pitching: LHP David Jackson
Batting: LHB Mike Williams 0-0: Ball
1-0: Ball
2-0: Swinging Strike
2-1: Ball
3-1: Base on Balls
Batting: RHB Kel Pierce 0-0: Fielders Choice at 2nd, 3-6 (Groundball, 3)
Batting: RHB Xavier Feliciano 0-0: Ball
1-0: Foul Ball, location: 2F
1-1: 2-RUN HOME RUN (Line Drive, 78XD), Distance : 421 ft
Batting: RHB Tomás Ovies 0-0: Ball
1-0: Ball
2-0: Fly out, F9 (Flyball, 9LSF)
Batting: RHB Howard Lane 0-0: Ball
1-0: SINGLE (Line Drive, 6MD)
Batting: RHB Lorenzo González 0-0: Ground out 6-3 (Groundball, 6S)
Top of the 1st over - 2 run(s), 2 hit(s), 0 error(s), 1 left on base; Vancouver 2 - District 9 0
BOTTOM OF THE 1ST
District 9 Prawns batting - Pitching for Vancouver Vipers : RHP José González
Pitching: RHP José González
Batting: LHB Enrique Nalasco 0-0: SINGLE (Line Drive, 6D)
Batting: RHB Robert Bly 0-0: Ball
Enrique Nalasco is caught stealing 2nd base
1-0: Foul Ball, location: 2F
1-1: Fly out, F8 (Flyball, 78S)
Batting: LHB Leland Hardy 0-0: Ball
1-0: Fly out, F6 (Line Drive, 6)
Bottom of the 1st over - 0 run(s), 1 hit(s), 0 error(s), 0 left on base; Vancouver 2 - District 9 0
TOP OF THE 2ND
Vancouver Vipers batting - Pitching for District 9 Prawns : LHP David Jackson
Batting: LHB Ray Spencer 0-0: Ball
1-0: Swinging Strike
1-1: Ball
2-1: Swinging Strike
2-2: Ball
3-2: Foul Ball, location: 2F
3-2: Foul Ball, location: 2F
3-2: Foul Ball, location: 2F
3-2: Ground out 4-3 (Groundball, 4M)
Batting: RHB Pedro Fuentes 0-0: Ball
1-0: Foul Ball, location: 2F
1-1: Fly out, F7 (Flyball, 7LD)
Batting: RHB Kenneth Corbitt 0-0: Called Strike
0-1: Ball
1-1: Ball
2-1: Ball
3-1: Swinging Strike
3-2: Strikes out swinging
Top of the 2nd over - 0 run(s), 0 hit(s), 0 error(s), 0 left on base; Vancouver 2 - District 9 0
BOTTOM OF THE 2ND
District 9 Prawns batting - Pitching for Vancouver Vipers : RHP José González
Batting: LHB Ryan Hensley 0-0: SOLO HOME RUN (Flyball, 9D), Distance : 386 ft
Batting: RHB Alfredo Cortéz 0-0: Ball
1-0: Ground out 4-3 (Groundball, 4M)
Batting: RHB Lúcio García 0-0: Ball
1-0: Ball
2-0: Fly out, F6 (Popup, 6)
Batting: RHB Bill Beck 0-0: Called Strike
0-1: SINGLE (Line Drive, 56D)
Batting: RHB Manuel Cortéz 0-0: Foul Ball, location: 2F
0-1: Ball
1-1: Called Strike
1-2: Ball
2-2: Fielders Choice at 2nd, 5-4 (Groundball, 56)
Bottom of the 2nd over - 1 run(s), 2 hit(s), 0 error(s), 0 left on base; Vancouver 2 - District 9 1
TOP OF THE 3RD
Vancouver Vipers batting - Pitching for District 9 Prawns : LHP David Jackson
Batting: LHB Mike Williams 0-0: Called Strike
0-1: Fly out, F6 (Popup, 56D)
Batting: RHB Kel Pierce 0-0: Foul Ball, location: 2F
0-1: Ball
1-1: Fly out, F9 (Flyball, 89M)
Batting: RHB Xavier Feliciano 0-0: Ball
1-0: Ball
2-0: Swinging Strike
2-1: Fly out, F8 (Flyball, 8RXD)
Top of the 3rd over - 0 run(s), 0 hit(s), 0 error(s), 0 left on base; Vancouver 2 - District 9 1
BOTTOM OF THE 3RD
District 9 Prawns batting - Pitching for Vancouver Vipers : RHP José González
Batting: SHB Mark Pope 0-0: Foul Ball, location: 2F
0-1: Ball
1-1: Fly out, F6 (Popup, 5D)
Batting: LHB Enrique Nalasco 0-0: Ball
1-0: Ground out 3-1 (Groundball, 34)
Batting: RHB Robert Bly 0-0: Ball
1-0: DOUBLE (Line Drive, 78D)
Batting: LHB Leland Hardy 0-0: Swinging Strike
0-1: Called Strike
0-2: Ball
1-2: Foul Ball, location: 2F
1-2: Foul Ball, location: 2F
1-2: Ball
2-2: Ground out U3 (Groundball, 3L)
Bottom of the 3rd over - 0 run(s), 1 hit(s), 0 error(s), 1 left on base; Vancouver 2 - District 9 1
TOP OF THE 4TH
Vancouver Vipers batting - Pitching for District 9 Prawns : LHP David Jackson
Batting: RHB Tomás Ovies 0-0: Called Strike
0-1: Ground out U3 (Groundball, 3)
Batting: RHB Howard Lane 0-0: Foul Ball, location: 2F
0-1: Ball
1-1: Foul Ball, location: 2F
1-2: Ball
2-2: Ball
3-2: Base on Balls
Batting: RHB Lorenzo González 0-0: Swinging Strike
0-1: Foul Ball, location: 2F
0-2: Ball
1-2: Fielders Choice at 2nd, 6-4 (Groundball, 6)
Batting: LHB Ray Spencer 0-0: Ball
1-0: Ball
2-0: Foul Ball, location: 2F
2-1: Called Strike
2-2: Strikes out swinging
Top of the 4th over - 0 run(s), 0 hit(s), 0 error(s), 1 left on base; Vancouver 2 - District 9 1
BOTTOM OF THE 4TH
District 9 Prawns batting - Pitching for Vancouver Vipers : RHP José González
Batting: LHB Ryan Hensley 0-0: Swinging Strike
0-1: Ball
1-1: Fly out, F5 (Popup, 5D)
Batting: RHB Alfredo Cortéz 0-0: Ball
1-0: Foul Ball, location: 2F
1-1: Called Strike
1-2: Ball
2-2: Strikes out swinging
Batting: RHB Lúcio García 0-0: Called Strike
0-1: Ball
1-1: Foul Ball, location: 2F
1-2: Ball
2-2: Foul Ball, location: 2F
2-2: SINGLE (Groundball, 56D)
Batting: RHB Bill Beck 0-0: Called Strike
Lúcio García is caught stealing 2nd base
Bottom of the 4th over - 0 run(s), 1 hit(s), 0 error(s), 0 left on base; Vancouver 2 - District 9 1
TOP OF THE 5TH
Vancouver Vipers batting - Pitching for District 9 Prawns : LHP David Jackson
Batting: RHB Pedro Fuentes 0-0: Ball
1-0: Foul Ball, location: 2F
1-1: Called Strike
1-2: Fly out, F7 (Flyball, 78S)
Batting: RHB Kenneth Corbitt 0-0: DOUBLE (Flyball, 89XD)
Batting: LHB Mike Williams 0-0: Ball
1-0: Ball
2-0: Swinging Strike
2-1: Called Strike
2-2: Ball
3-2: Ground out 4-3 (Groundball, 4)
Kenneth Corbitt to third
Batting: RHB Kel Pierce 0-0: Ball
1-0: Swinging Strike
1-1: Foul Ball, location: 2F
1-2: Strikes out looking
Top of the 5th over - 0 run(s), 1 hit(s), 0 error(s), 1 left on base; Vancouver 2 - District 9 1
BOTTOM OF THE 5TH
District 9 Prawns batting - Pitching for Vancouver Vipers : RHP José González
Batting: RHB Bill Beck 0-0: Swinging Strike
0-1: Foul Ball, location: 2F
0-2: Ball
1-2: Strikes out swinging
Batting: RHB Manuel Cortéz 0-0: Foul Ball, location: 2F
0-1: Ball
1-1: Swinging Strike
1-2: Ball
2-2: Ball
3-2: Strikes out swinging
Batting: SHB Mark Pope 0-0: Ball
1-0: Ball
2-0: Ground out 4-3 (Groundball, 4)
Bottom of the 5th over - 0 run(s), 0 hit(s), 0 error(s), 0 left on base; Vancouver 2 - District 9 1
TOP OF THE 6TH
Vancouver Vipers batting - Pitching for District 9 Prawns : LHP David Jackson
Batting: RHB Xavier Feliciano 0-0: Called Strike
0-1: Ground out 5-3 (Groundball, 5S)
Batting: RHB Tomás Ovies 0-0: SINGLE (Groundball, 23) (infield hit)
Batting: RHB Howard Lane 0-0: Ball
1-0: Called Strike
1-1: Ball
Wild Pitch!
Tomás Ovies to second
2-1: Ball
3-1: Foul Ball, location: 2F
3-2: Fly out, F9 (Flyball, 9D)
Runner from 2nd tags up, SAFE at 3rd, no throw
Batting: RHB Lorenzo González 0-0: Foul Ball, location: 2F
0-1: Ball
Wild Pitch!
Tomás Ovies scores
1-1: Foul Ball, location: 2F
1-2: Foul Ball, location: 2F
1-2: Ball
2-2: Strikes out swinging
Top of the 6th over - 1 run(s), 1 hit(s), 0 error(s), 0 left on base; Vancouver 3 - District 9 1
BOTTOM OF THE 6TH
District 9 Prawns batting - Pitching for Vancouver Vipers : RHP José González
Batting: LHB Enrique Nalasco 0-0: SINGLE (Line Drive, 4MD)
Batting: RHB Robert Bly 0-0: Called Strike
0-1: Ball
1-1: Ball
2-1: Called Strike
2-2: Foul Ball, location: 2F
2-2: DOUBLE (Flyball, 78XD)
Enrique Nalasco to third
Enrique Nalasco scores
Batting: LHB Leland Hardy 0-0: Ball
1-0: Foul Ball, location: 2F
1-1: Swinging Strike
1-2: Ball
2-2: Ground out U3 (Groundball, 3)
Robert Bly to third
Batting: LHB Ryan Hensley 0-0: Called Strike
0-1: Ball
1-1: Swinging Strike
1-2: Strikes out swinging
Batting: RHB Alfredo Cortéz 0-0: Swinging Strike
0-1: Ball
1-1: Ball
2-1: Foul Ball, location: 2F
2-2: Foul Ball, location: 2F
2-2: Strikes out swinging
Bottom of the 6th over - 1 run(s), 2 hit(s), 0 error(s), 1 left on base; Vancouver 3 - District 9 2
TOP OF THE 7TH
Vancouver Vipers batting - Pitching for District 9 Prawns : LHP David Jackson
Pitching: RHP Bill Petzinger
Batting: LHB Ray Spencer 0-0: Foul Ball, location: 2F
0-1: Ball
1-1: Swinging Strike
1-2: Strikes out swinging
Batting: RHB Pedro Fuentes 0-0: Ball
1-0: SINGLE (Line Drive, 8LS)
Pinch Hitting: LHB Marcos Cantú 0-0: Fly out, F7 (Flyball, 78M)
Batting: LHB Mike Williams 0-0: Called Strike
0-1: Ball
1-1: Foul Ball, location: 2F
1-2: Foul Ball, location: 2F
1-2: Ball
Balk!
Pedro Fuentes to second
2-2: Ball
3-2: Foul Ball, location: 2F
3-2: Base on Balls
Pinch Hitting: RHB Dan Tyler 0-0: Ball
1-0: Ground out 5-3 (Groundball, 5S)
Top of the 7th over - 0 run(s), 1 hit(s), 0 error(s), 2 left on base; Vancouver 3 - District 9 2
BOTTOM OF THE 7TH
District 9 Prawns batting - Pitching for Vancouver Vipers : RHP José González
Pitching: LHP Malcolm Moore
Now at 1B: Dan Tyler
Now at SS: Arthur Dumais
Batting: RHB Lúcio García 0-0: Foul Ball, location: 2F
0-1: Ball
1-1: Foul Ball, location: 2F
1-2: Foul Ball, location: 2F
1-2: Strikes out looking
Batting: RHB Bill Beck 0-0: Called Strike
0-1: Ball
1-1: Ground out 5-3 (Groundball, 56)
Batting: RHB Manuel Cortéz 0-0: SINGLE (Line Drive, 6D)
Pinch Hitting: SHB Tommy Bourassa 0-0: Called Strike
0-1: Swinging Strike
0-2: Foul Ball, location: 2F
0-2: Ball
1-2: Ball
2-2: Strikes out swinging
Bottom of the 7th over - 0 run(s), 1 hit(s), 0 error(s), 1 left on base; Vancouver 3 - District 9 2
TOP OF THE 8TH
Vancouver Vipers batting - Pitching for District 9 Prawns : RHP Bill Petzinger
Now at 2B: Harry Wade
Batting: RHB Xavier Feliciano 0-0: Ball
1-0: Foul Ball, location: 2F
1-1: Ball
2-1: Foul Ball, location: 2F
2-2: Ball
3-2: Base on Balls
Pinch Hitting: RHB Guillermo Sánchez 0-0: Ball
1-0: Ball
2-0: Called Strike
2-1: Called Strike
2-2: Fielders Choice at 2nd, 6-4 (Groundball, 6)
Batting: RHB Howard Lane 0-0: Ball
1-0: Ball
2-0: 2-RUN HOME RUN (Line Drive, 7D), Distance : 430 ft
Pitching: RHP Troy Keough
Batting: RHB Lorenzo González 0-0: Ground out 5-3 (Groundball, 5S)
Batting: LHB Ray Spencer 0-0: Called Strike
0-1: Ball
1-1: Ball
2-1: Foul Ball, location: 2F
2-2: SINGLE (Line Drive, 34D)
Batting: RHB Pedro Fuentes 0-0: Ball
1-0: Swinging Strike
1-1: Ball
2-1: Ball
3-1: Fly out, F3 (Popup, 3F)
Top of the 8th over - 2 run(s), 2 hit(s), 0 error(s), 1 left on base; Vancouver 5 - District 9 2
BOTTOM OF THE 8TH
District 9 Prawns batting - Pitching for Vancouver Vipers : LHP Malcolm Moore
Now at 2B: Cipriano Miranda
Now in RF: Malcolm Thomas
Batting: LHB Enrique Nalasco 0-0: Ball
1-0: Foul Ball, location: 2F
1-1: Foul Ball, location: 2F
1-2: Ball
2-2: Strikes out looking
Batting: RHB Robert Bly 0-0: Foul Ball, location: 2F
0-1: Called Strike
0-2: Ground out 6-3 (Groundball, 6M)
Batting: LHB Leland Hardy 0-0: Swinging Strike
0-1: Swinging Strike
0-2: Foul Ball, location: 2F
0-2: Ball
1-2: Foul Ball, location: 2F
1-2: Foul Ball, location: 2F
1-2: Foul Ball, location: 2F
1-2: Fly out, F3 (Line Drive, 3S)
Bottom of the 8th over - 0 run(s), 0 hit(s), 0 error(s), 0 left on base; Vancouver 5 - District 9 2
TOP OF THE 9TH
Vancouver Vipers batting - Pitching for District 9 Prawns : RHP Troy Keough
Batting: RHB Arthur Dumais 0-0: Ball
1-0: Called Strike
1-1: Ball
2-1: Fly out, F3 (Popup, 3)
Batting: LHB Mike Williams 0-0: Ball
1-0: Ball
2-0: Called Strike
2-1: Foul Ball, location: 2F
2-2: Ground out 4-3 (Groundball, 4M)
Batting: RHB Dan Tyler 0-0: Ball
1-0: Foul Ball, location: 2F
1-1: Ball
2-1: Called Strike
2-2: Strikes out swinging
Top of the 9th over - 0 run(s), 0 hit(s), 0 error(s), 0 left on base; Vancouver 5 - District 9 2
BOTTOM OF THE 9TH
District 9 Prawns batting - Pitching for Vancouver Vipers : LHP Malcolm Moore
Pitching: RHP José García
Batting: LHB Ryan Hensley 0-0: Fly out, F4 (Popup, 4MS)
Batting: RHB Alfredo Cortéz 0-0: Foul Ball, location: 2F
0-1: Foul Ball, location: 2F
0-2: Ball
1-2: Fly out, F7 (Flyball, 78M)
Batting: RHB Lúcio García 0-0: Ball
1-0: Called Strike
1-1: Ball
2-1: Fly out, F9 (Flyball, 9D)
Bottom of the 9th over - 0 run(s), 0 hit(s), 0 error(s), 0 left on base; Vancouver 5 - District 9 2
This league is powered by Out of the Park Baseball, the baseball management simulation game for PC, Mac and Linux
Wednesday, December 2nd, 2015 - OOTP Baseball 16.8 Build 38